 Dungeon Crawl Stone Soup version 0.27-a0-1188-g73eefd5def (webtiles) character file.

Game seed: 1892763687071875903

178 mopl the Ducker (level 5, -13/39 HPs)
             Began as a Djinni Fire Elementalist on May 21, 2021.
             Was a Priest of Lugonu.
             Killed by divine providence
             ... invoked by an orc priest
              (15 damage)
             ... on level 3 of the Dungeon.
             The game lasted 00:06:30 (2857 turns).

mopl the Ducker (Djinni Fire Elementalist)          Turns: 2857, Time: 00:06:30

Health: -13/39     AC:  3    Str:  7    XL:     5   Next: 89%
Gold:   91         EV: 13    Int: 17    God:    Lugonu [***...] SH:  0 Dex: 14

rFire    + + .     SeeInvis .   f - +3 hand axe
rCold    x . .     Faith    .   (no shield)
rNeg     . . .     Spirit   .   a - +0 robe
rPois    ∞         Reflect  .   l - +0 helmet
rElec    .         Harm     .   (no cloak)
rCorr    .         Rampage  .   (no gloves)
Will     .....                  (boots unavailable)
Stlth    ++........             (no amulet)
HPRegen  0.13/turn              (no ring)
MPRegen  0.00/turn              (no ring)

@: flying
A: sickness immunity, fire resistance 2, cold vulnerability 1, float, innate
caster, hp casting, extra vitality 1
a: Renounce Religion, Depart the Abyss, Bend Space, Banish


You were on level 3 of the Dungeon.
You worshipped Lugonu.
Lugonu was most pleased with you.
You visited 1 branch of the dungeon, and saw 3 of its levels.

You collected 91 gold pieces.

Inventory:

Hand Weapons
 f - a +3 hand axe (weapon)
Armour
 a - a +0 robe (worn)
 c - a +0 kite shield
 l - a +0 helmet (worn)
Wands
 n - a wand of iceblast (11)
Scrolls
 d - a scroll of fear {unknown}
 e - 3 scrolls of immolation {unknown}
 k - a scroll of vulnerability {unknown}
 m - a scroll of blinking {unknown}
 o - a scroll of brand weapon {unknown}
Potions
 b - a potion of resistance
 g - 2 potions of lignification {unknown}
 h - a potion of mutation {unknown}
 i - a potion of haste
 j - a potion of heal wounds


   Skills:
 + Level 2.4 Fighting
 + Level 3.6 Dodging
 - Level 1.5 Stealth
 * Level 0.0 Shields
 + Level 3.2 Spellcasting
 + Level 1.7 Invocations


You couldn't memorise any spells.
You knew the following spells:

 Your Spells              Type           Power      Damage    Failure   Level
a - Foxfire               Conj/Fire      52%        2x1d6     4%          1
b - Conjure Flame         Conj/Fire      13%        6-21      14%         3
c - Inner Flame           Hex/Fire       13%        N/A       14%         3
d - Sticky Flame          Conj/Fire      13%        2d4       41%         4
e - Fireball              Conj/Fire      6%         3d5       77%         5
f - Shock                 Conj/Air       52%        1d6       4%          1
g - Static Discharge      Conj/Air       13%        N/A       7%          2
Your spell library was empty.

Dungeon Overview and Level Annotations

Branches:
Dungeon (3/15)

Altars:
Lugonu


Innate Abilities, Weirdness & Mutations

You are immune to sickness and miasma.
You are immune to poison.
Your flesh is very heat resistant. (rF++)
You are vulnerable to cold. (rC-)
You float through the air rather than walking.
You learn spells naturally, not from books.
Your magical power is your life essence.
You have superior vitality. (+4 HP)


Message History

The orc hits you with a +0 morningstar.
The orc priest calls down the wrath of Beogh upon you.
Pain shoots through your body!
* * * LOW HITPOINT WARNING * * *
Found a stone staircase leading down.
Unknown command.
Casting: Static Discharge (safe; 7% risk of failure)
Confirm with . or Enter, or press ? or * to list all spells.
The orc is struck by an arc of lightning!
You kill the orc!
Lugonu accepts your kill.
The lightning grounds out.
* * * LOW HITPOINT WARNING * * *
Casting: Static Discharge (safe; 7% risk of failure)
Confirm with . or Enter, or press ? or * to list all spells.
The orc priest is struck by an arc of lightning.
The orc priest is moderately wounded.
The orc is struck by an arc of lightning.
The orc is heavily wounded.
The lightning grounds out.
The orc is struck by an arc of lightning!
You kill the orc!
Lugonu accepts your kill.
You are struck by an arc of lightning.
* * * LOW HITPOINT WARNING * * *
The lightning grounds out.
* * * LOW HITPOINT WARNING * * *
The orc priest hits you with a +0 club.
* * * LOW HITPOINT WARNING * * *
Unknown command.
Casting: Static Discharge (safe; 7% risk of failure)
Confirm with . or Enter, or press ? or * to list all spells.
You don't have enough health to cast this spell.
Unknown command.
There is an open door here.
Okay, then.
The orc priest looks braver for a moment.
The orc priest invokes the aid of Beogh against you.
Beogh smites you!
You die...

### #................
#.##.#.........#
#.###.##.....#.# #.#
#####...##'## #.#
#####...## #.####
#.....# #.##.##
##......>
...####.#...####........
........@..oo..'.)......
##.####.#...####........
#.##.## ##....... #.####
#.....# ... #...## ..#
#'## #... .# #.## #


You could see an orc priest and an orc.

Vanquished Creatures
  Jessica (D:2)
  An iguana (D:3)
  6 adders
  2 worms (D:2)
  3 dart slugs
  2 orcs (D:3)
  4 endoplasms
  6 hobgoblins
  2 jackals (D:1)
  2 quokkas (D:1)
  6 ball pythons
  6 bats
  4 frilled lizards
  9 goblins
  7 kobolds
  4 rats
65 creatures vanquished.

Vanquished Creatures (others)
  120 foxfires
120 creatures vanquished.

Grand Total: 185 creatures vanquished

Notes
Turn   | Place    | Note
-------+----------+-------------------------------------------
     0 | D:1      | mopl the Djinni Fire Elementalist began the quest for the
                  | Orb.
     0 | D:1      | Reached XP level 1. HP: 15/15 MP: 0/0
   417 | D:1      | Reached XP level 2. HP: 22/22 MP: 0/0
   632 | D:1      | Reached skill level 1 in Fighting
   801 | D:1      | Reached XP level 3. HP: 8/27 MP: 0/0
   801 | D:1      | Learned a level 1 spell: Shock
  1203 | D:2      | Found a faded altar of an unknown god.
  1229 | D:2      | Became a worshipper of Lugonu the Unformed
  1229 | D:2      | Reached * piety under Lugonu
  1229 | D:2      | Reached ** piety under Lugonu
  1301 | D:2      | Noticed Jessica
  1309 | D:2      | Reached skill level 3 in Dodging
  1313 | D:2      | Reached XP level 4. HP: 7/33 MP: 0/0
  1315 | D:2      | Killed Jessica
  1316 | D:2      | Reached skill level 1 in Invocations
  1527 | D:2      | Reached skill level 2 in Fighting
  1844 | D:2      | Reached skill level 3 in Spellcasting
  2098 | D:2      | Reached XP level 5. HP: 16/38 MP: 0/0
  2098 | D:2      | Learned a level 2 spell: Static Discharge
  2444 | D:3      | Reached *** piety under Lugonu
  2849 | D:3      | HP: 1/39 [orc priest/+0 club (2)]
  2857 | D:3      | Killed from afar by an orc priest

Illustrated notes

Levels and vault maps discovered:
D:1:      scummos_arrival_gate, layout_basic
D:2:      layout_rooms, shapermc_ecumenical_altar_venn, serial_curves,
          eino_curves_04, eino_curves_03, kennysheep_potato, uniq_jessica
D:3:      layout_loops_corners, minmay_starry_boxes

Skill      XL: |  1  2  3  4 |
---------------+-------------+-----
Fighting       | 1 2 |  2.4
Dodging        | 3 |  3.6
Invocations    | 1 |  1.7
Spellcasting   | 3 |  3.2
Stealth        | |  1.5

Action                   |  1- 3 |  4- 6 || total
-------------------------+-------+-------++-------
Melee: Unarmed           |     1 |       ||     1
       Hand axe          |     3 |    78 ||    81
 Cast: Foxfire           |    50 |    21 ||    71
       Static Discharge  |       |     5 ||     5
  Use: Scroll            |       |     4 ||     4
 Stab: Distracted        |       |     1 ||     1
       Sleeping          |       |     1 ||     1
Armor: Robe              |     8 |    23 ||    31
Dodge: Dodged            |    25 |    75 ||   100

Table legend: (Time is in decaauts)
 A = Elapsed time spent in this place.
 B = Non-inter-level travel time spent in this place.
 C = Inter-level travel time spent in this place.
 D = Time resting spent in this place.
 E = Time spent auto-exploring this place.
 F = Levels seen in this place.
 G = Mean time per level.
                   A        B        C        D        E       F      G
               +--------+--------+--------+--------+--------+-----+--------+
         Total |   2880 |   2845 |     35 |   1001 |   1365 |   3 |  960.0 |
       Dungeon |   2880 |   2845 |     35 |   1001 |   1365 |   3 |  960.0 |
               +--------+--------+--------+--------+--------+-----+--------+

Top non-repeatable levels by time:
     D:2: 1216 daAuts
     D:1: 1199 daAuts
     D:3: 464 daAuts
